 Dungeon Crawl Stone Soup version 0.30-a0-883-g5ad918d77d (webtiles) character file.

Game seed: 3226088545226265500

12691 Jeffwins the Chiller (level 12, 0/76 HPs)
             Began as a Human Wanderer on Mar 17, 2023.
             Was a Priest of Vehumet.
             Slain by a black mamba (5 damage)
             ... on level 1 of the Lair of Beasts.
             The game lasted 00:20:03 (10270 turns).

Jeffwins the Chiller (Human Wanderer)              Turns: 10270, Time: 00:20:03

Health: 0/76       AC:  7    Str:  6    XL:     12   Next: 23%
Magic:  8/22       EV: 10    Int: 34    God:    Vehumet [***...]
Gold:   896        SH:  0    Dex: 13    Spells: 13/24 levels left

rFire   . . .      SeeInvis .    a - +6 sling of Judgement {heavy, rC+ Will++ Str-3 Dex+2}
rCold   + . .      Faith    .    (no shield)
rNeg    . . .      Spirit   .    A - +0 leather armour of Fewk {*Corrode Regen+ Int+5 Stlth+}
rPois   .          Reflect  .    d - +0 helmet
rElec   .          Rampage  .    x - +0 cloak
rCorr   .                        r - +0 pair of gloves
Will    ++...                    M - +0 pair of boots
Stlth   ++++                     (no amulet)
HPRegen 1.12/turn                I - +6 ring of intelligence
MPRegen 0.18/turn                c - ring of protection from cold

@: lethally poisoned (0 -> -15)
A: sense surroundings 1, cold vulnerability 1
a: Renounce Religion


You were on level 1 of the Lair of Beasts.
You worshipped Vehumet.
Vehumet was most pleased with you.
You visited 3 branches of the dungeon, and saw 13 of its levels.
You also visited: Ossuary.

You collected 896 gold pieces.


Innate Abilities, Weirdness & Mutations

You passively map a small area around you.
You are vulnerable to cold. (rC-)


   Skills:
 - Level 1.0 Fighting
 * Level 6.5 Ranged Weapons
 - Level 5.0 Stealth
 * Level 6.8 Spellcasting
 * Level 6.7 Conjurations
 - Level 3.0 Transmutations
 - Level 7.0 Ice Magic
 * Level 6.2 Air Magic
 * Level 6.9 Earth Magic
 * Level 6.2 Poison Magic
 + Level 4.4 Evocations


You had 13 spell levels left.
You knew the following spells:

 Your Spells              Type           Power      Damage    Failure   Level
c - Stone Arrow           Conj/Erth      100%       3d13      1%          3
m - Mephitic Cloud        Conj/Pois/Air  53%        N/A       1%          3
x - Frozen Ramparts       Ice            100%       1d16      1%          3
z - Poisonous Vapours     Pois/Air       100%       N/A       1%          2

Your spell library contained the following spells:

 Spells                   Type           Power      Damage    Failure   Level
 Flame Wave               Conj/Fire      34%        2d10      4%          4
 Beastly Appendage        Tmut           62%        N/A       1%          1
 Foxfire                  Conj/Fire      100%       2x1d9     1%          1
 Freeze                   Ice            100%       1d10      1%          1
 Kiss of Death            Conj/Necr      100%       2d13      1%          1
 Sandblast                Erth           100%       2d20      1%          1
 Cigotuvi's Dreadful Rot  Necr/Pois/Air  78%        N/A       1%          2
 Passwall                 Tmut/Erth      37%        N/A       1%          2
 Wereblood                Tmut           31%        N/A       2%          2
 Ice Form                 Ice/Tmut       45%        N/A       8%          4
 Fireball                 Conj/Fire      17%        3d9       11%         5
 Summon Ice Beast         Ice/Summ       35%        N/A       14%         4
 Confusing Touch          Hex            11%        N/A       17%         3
 Gell's Gravitas          Tloc           11%        N/A       17%         3
 Teleport Other           Tloc           11%        N/A       17%         3
 Starburst                Conj/Fire      17%        6d6       47%         6
 Dispel Undead            Necr           11%        3d9       50%         4
 Summon Mana Viper        Hex/Summ       11%        N/A       85%         5
 Dispersal                Tloc           5%         N/A       100%        6
 Monstrous Menagerie      Summ           5%         N/A       100%        7

Inventory:

Hand Weapons
 a - the +6 sling of Judgement (weapon) {heavy, rC+ Will++ Str-3 Dex+2}
   (You found it on level 3 of the Dungeon)

   Str:       It affects your strength (-3).
   Dex:       It affects your dexterity (+2).
   rC:        It protects you from cold.
   Will:      It greatly increases your willpower.
 t - a +1 spear of freezing
 z - a +1 arbalest
Missiles
 X - 2 curare-tipped darts {=f}
Armour
 d - a +0 helmet (worn)
 g - a scarf of harm
 r - a +0 pair of gloves (worn)
 u - a +1 leather armour of poison resistance
 x - a +0 cloak (worn)
 A - the +0 leather armour of Fewk (worn) {*Corrode Regen+ Int+5 Stlth+}
   (You found it on level 5 of the Dungeon)

   Int:       It affects your intelligence (+5).
   Regen:     It increases your rate of health regeneration.
   *Corrode:  It may corrode you when you take damage.
   Stlth:     It makes you more stealthy.
 M - a +0 pair of boots (worn)
 S - +0 acid dragon scales
 V - a +1 robe of cold resistance
Magical Staves
 D - a staff of fire
 T - a staff of cold
Jewellery
 c - a ring of protection from cold (right hand)
 E - a +5 ring of evasion
 I - a +6 ring of intelligence (left hand)
 L - a ring of flight
Wands
 k - a wand of light (2)
 w - a wand of paralysis (3)
 y - a wand of flame (7)
 R - a wand of digging (7)
Scrolls
 e - 4 scrolls of amnesia
 f - 3 scrolls of blinking
 h - 3 scrolls of fog
 j - a scroll of poison {!r}
 m - 2 scrolls of enchant weapon
 n - 2 scrolls of enchant armour
 o - a scroll of vulnerability {!r}
 v - 3 scrolls of brand weapon
 B - 3 scrolls of immolation {!r}
 C - 5 scrolls of fear
 N - 2 scrolls of magic mapping
 O - 4 scrolls of teleportation {@r4}
 P - 2 scrolls of acquirement {unknown}
Potions
 b - 2 potions of berserk rage {!q}
 i - a potion of brilliance
 l - 7 potions of curing {@q1}
 p - 3 potions of mutation {!q}
 q - a potion of ambrosia
 s - 3 potions of heal wounds {@q2}
 F - 2 potions of might {unknown}
 H - 2 potions of invisibility
 J - a potion of flight
 K - a potion of resistance {unknown}
 W - a potion of haste {unknown}
Miscellaneous
 Q - a condenser vane (inert)

Dungeon Overview and Level Annotations

Branches:
Dungeon (11/15)            Temple (1/1) D:4            Lair (1/5) D:10
    Orc (0/2) D:11        Ossuary (visited)

Altars:
Ashenzari
Cheibriados
Dithmenos
Elyvilon
Fedhas
Gozag
Hepliaklqana
Kikubaaqudgha
Makhleb
Nemelex Xobeh
Qazlal
Ru
Sif Muna
Trog
Uskayaw
Vehumet
Wu Jian
Xom
Yredelemnul
Zin
The Shining One

.......## ,
..<.~~..## * . * *
~..~≈≈~~.# .##
≈≈~≈≈≈≈~.# *..# * ##
** ≈≈≈≈≈≈†≈.#
*#.####...
≈≈≈≈≈~≈.### #......
~≈≈≈~~..#P######....,
*
≈≈~~~.......#.##S.#*
........?......#@.#
#P...............## ,
#................# ,
, ,
.#..........†....# *
, .................#
, ,
#................#* ,
###................#
, ###..........>....
, , ,,
###...#PP........


You could see a black mamba.


Message History

Aim: a black mamba (lightly wounded, 63% to hit)
The stone arrow hits the black mamba!
The black mamba is moderately wounded.
You feel very sick.
The black mamba bites you but does no damage.
The black mamba barely misses you.
Casting: Stone Arrow (safe; 1% risk of failure)
Confirm with . or Enter, or press ? or * to list all spells.
Aiming: Stone Arrow (safe; 1% risk of failure)
Press: ? - help, Shift-Dir - straight line, f/p - black mamba
Aim: a black mamba (moderately wounded, 63% to hit)
The stone arrow hits the black mamba!
The black mamba is heavily wounded.
You feel very sick.
The black mamba bites you but does no damage.
The black mamba bites you!
* * * LOW HITPOINT WARNING * * *
You are lethally poisoned!
The black mamba poisons you!
Unknown command.
Casting: Stone Arrow (safe; 1% risk of failure)
Confirm with . or Enter, or press ? or * to list all spells.
Aiming: Stone Arrow (safe; 1% risk of failure)
Press: ? - help, Shift-Dir - straight line, f/p - black mamba
Aim: a black mamba (heavily wounded, 63% to hit)
The stone arrow misses the black mamba.
* * * LOW HITPOINT WARNING * * *
You feel extremely sick. The black mamba bites you.
You die...

Skill      XL: |  1  2  3  4  5  6  7  8  9 10 11 12 |
---------------+-------------------------------------+-----
Stealth        | 2 3 4 5 |  5.0
Ice Magic      | 3 4 5 6 7 |  7.0
Spellcasting   | 3 4 5 6 |  6.8
Conjurations   | 1 2 3 4 5 6 |  6.7
Earth Magic    | 1 2 3 4 5 6 |  6.9
Ranged Weapons | 1 2 4 5 6 |  6.5
Poison Magic   | 1 2 3 4 5 6 |  6.2
Air Magic      | 1 2 3 4 5 6 |  6.2
Evocations     | 2 3 4 |  4.4
Fighting       | |  1.0
Transmutations | |  3.0

Action                     |  1- 3 |  4- 6 |  7- 9 | 10-12 || total
---------------------------+-------+-------+-------+-------++-------
  Melee: Spear             |    76 |    65 |       |       ||   141
         Punch             |     2 |       |       |       ||     2
   Fire: Sling             |       |    29 |   122 |   232 ||   383
   Cast: Freeze            |    10 |    11 |    18 |     1 ||    40
         Frozen Ramparts   |       |     2 |     9 |    18 ||    29
         Stone Arrow       |       |       |     6 |    84 ||    90
         Poisonous Vapours |       |       |       |     3 ||     3
         Mephitic Cloud    |       |       |       |     2 ||     2
  Evoke: Condenser vane    |       |       |       |     1 ||     1
         Wand              |       |       |       |     3 ||     3
    Use: Potion            |       |       |     6 |     2 ||     8
         Scroll            |       |       |       |    16 ||    16
   Stab: Sleeping          |     1 |     7 |       |       ||     8
 Armour: Robe              |    14 |    19 |       |       ||    33
         Leather armour    |       |     2 |    34 |    75 ||   111
  Dodge: Dodged            |    34 |    30 |    48 |   134 ||   246

Levels and vault maps discovered:
D:1:      onia_arrival_zoo_common, layout_basic,
          chequers_ecumenical_altar_simple, corexii_leaking_fountain
D:2:      layout_loops_ring, grunt_decor_fettered, minmay_unequal
D:3:      layout_basic, general_overflow_altar
D:4:      layout_cave_pods, temple_green, minmay_misc_feat_nine_boxes
D:5:      layout_cave_pods, uniq_eustachio, uniq_blork_the_orc
D:6:      layout_loops_ring, nicolae_uskayaw_en_pointe, patterned_corridor,
          uniq_grinder
D:7:      layout_loops_ring, minitemple, mainiacjoe_overflow_brackets,
          nicolae_overflow_squiral, nicolae_ossuary_entry_monument,
          palyth_stone_intersect
D:8:      layout_gridville, old_standard_altar, nicolae_lava_and_water
D:9:      due_megacathedral, layout_loops_ring, uniq_maggie
D:10:     layout_basic, grunt_lair_entry_orc_guard_hut, uniq_joseph, uniq_fannar
D:11:     layout_roguey, orc_0_dummy, serial_corexii_hall,
          corexii_hall_statues_s, corexii_hall_statues_i, uniq_maurice,
          uniq_nergalle
Temple:   hellmonk_temple_rainy
Lair:1:   layout_cave_pods, infiniplex_staircase_pool

Notes
Turn   | Place    | Note
-------+----------+-------------------------------------------
     0 | D:1      | Jeffwins the Human Wanderer began the quest for the Orb.
     0 | D:1      | Jeffwins set off with the following items: a +0 dagger, a
                  | potion of berserk rage {!q}, a +0 robe, a +0 helmet; and
                  | the following spells available to memorise: Beastly
                  | Appendage, Freeze, Wereblood, Frozen Ramparts, Ice Form.
     0 | D:1      | Reached XP level 1. HP: 15/15 MP: 3/3
     2 | D:1      | Learned a level 1 spell: Freeze
     8 | D:1      | Noticed a salamander
     8 | D:1      | Noticed a black bear
     9 | D:1      | Noticed a killer bee
     9 | D:1      | Noticed a hound
   116 | D:1      | Reached XP level 2. HP: 17/21 MP: 3/5
   499 | D:1      | Reached XP level 3. HP: 11/26 MP: 0/6
   503 | D:1      | Learned a level 3 spell: Frozen Ramparts
   698 | D:1      | Found a faded altar of an unknown god.
   749 | D:1      | Learned a level 3 spell: Stone Arrow
  1063 | D:2      | Reached XP level 4. HP: 22/32 MP: 1/8
  1300 | D:2      | Reached skill level 2 in Stealth
  1570 | D:2      | Noticed a black bear
  1581 | D:2      | Reached skill level 3 in Ice Magic
  1583 | D:2      | Killed a black bear
  1584 | D:2      | Reached skill level 3 in Spellcasting
  1584 | D:2      | Reached skill level 1 in Conjurations
  1584 | D:2      | Reached skill level 1 in Earth Magic
  1584 | D:2      | Reached XP level 5. HP: 25/37 MP: 0/9
  2005 | D:3      | Found an ornate altar of the Wu Jian Council.
  2163 | D:3      | Reached XP level 6. HP: 43/43 MP: 4/10
  2519 | D:3      | Identified the +6 sling of Judgement {heavy, rC+ Will++
                  | Str-3 Dex+2}
  2859 | D:4      | Reached skill level 2 in Earth Magic
  3074 | D:4      | Reached skill level 2 in Conjurations
  3122 | D:4      | Learned a level 2 spell: Poisonous Vapours
  3474 | D:4      | Found a staircase to the Ecumenical Temple.
  3534 | Temple   | Entered the Ecumenical Temple
  3541 | Temple   | Became a worshipper of Vehumet
  3676 | D:5      | Entered Level 5 of the Dungeon
  3678 | D:5      | Reached skill level 1 in Ranged Weapons
  3717 | D:5      | Noticed Blork the orc
  3720 | D:5      | Killed Blork the orc
  3721 | D:5      | Reached XP level 7. HP: 32/48 MP: 12/12
  3904 | D:5      | Reached skill level 1 in Poison Magic
  3928 | D:5      | Reached skill level 1 in Air Magic
  3996 | D:5      | Identified the +0 leather armour of Fewk {*Corrode Regen+
                  | Int+5 Stlth+}
  4056 | D:5      | Noticed Eustachio
  4072 | D:5      | Killed Eustachio
  4073 | D:5      | Reached skill level 4 in Ice Magic
  4073 | D:5      | Reached skill level 3 in Earth Magic
  4139 | D:5      | Reached skill level 3 in Stealth
  4140 | D:5      | Reached XP level 8. HP: 38/54 MP: 9/13
  4208 | D:5      | Reached skill level 2 in Ranged Weapons
  4282 | D:5      | Reached skill level 3 in Conjurations
  4470 | D:5      | Reached skill level 2 in Air Magic
  4470 | D:5      | Reached skill level 2 in Poison Magic
  4662 | D:5      | Reached skill level 4 in Spellcasting
  4867 | D:6      | Noticed a yak
  4868 | D:6      | Noticed a yak
  4876 | D:6      | Noticed a yak
  4876 | D:6      | Noticed a yak
  4877 | D:6      | Noticed a yak
  4877 | D:6      | Noticed a yak
  4879 | D:6      | Killed a yak
  4881 | D:6      | Killed a yak
  4882 | D:6      | Reached skill level 2 in Evocations
  4884 | D:6      | HP: 5/54 [yak (12)]
  4885 | D:6      | Gained mutation: You are vulnerable to cold. (rC-) [potion
                  | of mutation]
  4885 | D:6      | Gained mutation: You passively map a small area around you.
                  | [potion of mutation]
  4889 | D:6      | Killed a yak
  4890 | D:6      | Reached XP level 9. HP: 38/59 MP: 10/15
  4891 | D:6      | Reached skill level 3 in Ranged Weapons
  4891 | D:6      | Reached skill level 4 in Earth Magic
  4891 | D:6      | Reached * piety under Vehumet
  4891 | D:6      | Offered knowledge of Foxfire by Vehumet.
  4892 | D:6      | Reached skill level 5 in Ice Magic
  4892 | D:6      | Reached skill level 3 in Air Magic
  4892 | D:6      | Reached skill level 3 in Poison Magic
  4900 | D:6      | Learned a level 3 spell: Mephitic Cloud
  5037 | D:6      | Noticed a +0 falchion
  5037 | D:6      | Noticed a +0 short sword
  5037 | D:6      | Noticed a +0 dagger
  5038 | D:6      | Noticed a +0 short sword
  5038 | D:6      | Noticed a +0 spear
  5038 | D:6      | Noticed a +0 dagger
  5039 | D:6      | Noticed a +0 spear
  5042 | D:6      | Noticed a +0 falchion
  5050 | D:6      | Reached skill level 4 in Conjurations
  5061 | D:6      | Found a hide-covered altar of Uskayaw.
  5061 | D:6      | Noticed Grinder
  5625 | D:6      | Killed Grinder
  5626 | D:6      | Reached skill level 4 in Ranged Weapons
  5626 | D:6      | Reached skill level 4 in Stealth
  5626 | D:6      | Reached XP level 10. HP: 65/65 MP: 14/17
  5703 | D:7      | Reached skill level 5 in Spellcasting
  5734 | D:7      | Found a shadowy altar of Dithmenos.
  5886 | D:7      | Found a burning altar of Makhleb.
  5887 | D:7      | Found a white marble altar of Elyvilon.
  5902 | D:7      | Found a sand-covered staircase.
  5911 | Ossuary  | Entered an ossuary
  6015 | Ossuary  | Reached skill level 5 in Earth Magic
  6108 | D:7      | Reached skill level 4 in Air Magic
  6108 | D:7      | Reached skill level 4 in Poison Magic
  6274 | D:7      | Found a glowing golden altar of the Shining One.
  6278 | D:7      | Found a glowing silver altar of Zin.
  6278 | D:7      | Found a sacrificial altar of Ru.
  6278 | D:7      | Found an ancient bone altar of Kikubaaqudgha.
  6281 | D:7      | Found a broken altar of Ashenzari.
  6283 | D:7      | Found a shimmering blue altar of Sif Muna.
  6609 | D:8      | Reached skill level 3 in Evocations
  6624 | D:8      | HP: 6/65 [poisoned by a water moccasin]
  6629 | D:8      | HP: 6/65 [poisoned by a water moccasin]
  6845 | D:8      | Reached skill level 5 in Conjurations
  6846 | D:8      | Reached ** piety under Vehumet
  6846 | D:8      | Offered knowledge of Scorch by Vehumet.
  7040 | D:8      | Found an opulent altar of Gozag.
  7058 | D:8      | Reached skill level 6 in Ice Magic
  7566 | D:9      | HP: 6/65 [yak (10)]
  7568 | D:9      | Reached skill level 5 in Ranged Weapons
  7765 | D:9      | Noticed Maggie
  7777 | D:9      | Killed Maggie
  7778 | D:9      | Reached XP level 11. HP: 26/70 MP: 8/19
  7923 | D:9      | Reached skill level 5 in Poison Magic
  7933 | D:9      | Reached skill level 5 in Air Magic
  8130 | D:9      | Found a sparkling altar of Nemelex Xobeh.
  8139 | D:9      | Offered knowledge of Inner Flame by Vehumet.
  8154 | D:9      | Found a runed translucent door.
  8159 | D:9      | Found a hazy altar of Hepliaklqana.
  8165 | D:9      | Reached skill level 6 in Spellcasting
  8165 | D:9      | Reached skill level 6 in Earth Magic
  8190 | D:9      | Noticed a flayed ghost
  8197 | D:9      | Killed a flayed ghost
  8278 | D:9      | Found a shimmering blue altar of Sif Muna.
  8282 | D:9      | Found an ancient bone altar of Kikubaaqudgha.
  8305 | D:9      | Found a shadowy altar of Dithmenos.
  8323 | D:9      | Found an ornate altar of the Wu Jian Council.
  8341 | D:9      | Reached *** piety under Vehumet
  8342 | D:9      | Reached skill level 5 in Stealth
  8653 | D:10     | Entered Level 10 of the Dungeon
  8653 | D:10     | Noticed Fannar
  8673 | D:10     | Killed Fannar
  8674 | D:10     | Reached skill level 6 in Conjurations
  8916 | D:10     | Noticed a sixfirhy
  8922 | D:10     | Reached skill level 6 in Ranged Weapons
  9008 | D:10     | Noticed Joseph
  9015 | D:10     | Killed Joseph
  9016 | D:10     | Reached skill level 4 in Evocations
  9127 | D:10     | Noticed a sun demon
  9149 | D:10     | Noticed a sixfirhy
  9320 | D:10     | Reached skill level 7 in Ice Magic
  9324 | D:10     | Found a staircase to the Lair.
  9512 | D:10     | Reached XP level 12. HP: 76/76 MP: 13/21
  9794 | D:11     | Found a staircase to the Orcish Mines.
  9843 | D:11     | Reached skill level 6 in Air Magic
  9855 | D:11     | Noticed a two-headed ogre
  9859 | D:11     | Killed a two-headed ogre
  9860 | D:11     | Reached skill level 6 in Poison Magic
 10013 | D:11     | Noticed a two-headed ogre
 10017 | D:11     | Noticed a two-headed ogre
 10082 | Lair:1   | Entered Level 1 of the Lair of Beasts
 10117 | Lair:1   | Offered knowledge of Flame Wave by Vehumet.
 10270 | Lair:1   | HP: 5/76 [poisoned by a black mamba]
 10270 | Lair:1   | Slain by a black mamba

Vanquished Creatures
  Fannar (D:10)
  A two-headed ogre (D:11)
  A flayed ghost (D:9)
  Joseph (D:10)
  Maggie (D:9)
  A komodo dragon (Lair:1)
  2 gargoyles (D:11)
  A kobold demonologist (D:10)
  An unseen horror (D:10)
  Grinder (D:6)
  Eustachio (D:5)
  A wyvern (D:8)
  6 wraiths
  A shadow (D:9)
  2 fire bats (D:9)
  21 yaks
  An acid dragon (D:9)
  4 water moccasins
  An orc warrior (D:10)
  2 sky beasts (D:6)
  4 black bears
  2 ice beasts
  4 centaurs
  2 phantoms
  4 kobold brigands (D:10)
  Blork the orc (D:5)
  5 bullfrogs
  3 scorpions
  15 killer bees
  3 electric eels
  5 howler monkeys
  5 hounds
  2 jellies
  2 orc priests
  A gnoll bouda (D:5)
  A sleepcap (D:6)
  An iguana (D:5)
  4 orc wizards
  8 mummies (Ossuary)
  3 gnolls (D:5)
  8 adders
  2 white imps
  7 dart slugs
  15 orcs
  8 ball pythons
  8 endoplasms
  4 giant cockroaches
  A gnoll zombie (Ossuary)
  8 hobgoblins
  4 quokkas
  14 bats
  A frilled lizard (D:3)
  8 goblins
  2 hobgoblin zombies (Ossuary)
  8 kobolds
  4 kobold zombies (Ossuary)
  An orc zombie (Ossuary)
  9 rats
238 creatures vanquished.

Vanquished Creatures (others)
  9 fungi (D:10)
  8 plants (D:10)
17 creatures vanquished.

Grand Total: 255 creatures vanquished

Table legend: (Time is in decaauts)
 A = Elapsed time spent in this place.
 B = Non-inter-level travel time spent in this place.
 C = Inter-level travel time spent in this place.
 D = Time resting spent in this place.
 E = Time spent auto-exploring this place.
 F = Levels seen in this place.
 G = Mean time per level.
                   A        B        C        D        E       F      G
               +--------+--------+--------+--------+--------+-----+--------+
         Total |  10631 |  10276 |    355 |    202 |   8048 |  14 |  759.4 |
       Dungeon |  10218 |   9868 |    350 |    202 |   7797 |  11 |  928.9 |
        Temple |     13 |      8 |      5 |      0 |      1 |   1 |   13.0 |
          Lair |    193 |    193 |      0 |      0 |    159 |   1 |  193.0 |
       Ossuary |    205 |    205 |      0 |      0 |     91 |   1 |  205.0 |
               +--------+--------+--------+--------+--------+-----+--------+

Top non-repeatable levels by time:
     D:9: 1384 daAuts
     D:5: 1233 daAuts
     D:3: 1024 daAuts
    D:10: 988 daAuts
     D:1: 971 daAuts
     D:6: 898 daAuts
     D:2: 872 daAuts
     D:8: 859 daAuts
     D:4: 834 daAuts
     D:7: 729 daAuts
    D:11: 421 daAuts
 Ossuary: 205 daAuts
  Lair:1: 193 daAuts
  Temple: 13 daAuts

Table legend:
 A = Non-vault XP
 B = Vault XP
 C = Vault XP percentage of total XP
 D = Non-vault monster count
 E = Vault monster count
 F = Vault count percentage of total count
                 A         B        C        D         E       F
            +---------+---------+-------+---------+---------+-------
      Total |   13191 |    4939 |  27.2 |     202 |      36 |  15.1
            +---------+---------+-------+---------+---------+-------
        D:1 |      47 |       0 |   0.0 |      24 |       0 |   0.0
        D:2 |      58 |     131 |  69.3 |      20 |       3 |  13.0
        D:3 |      51 |       0 |   0.0 |      21 |       0 |   0.0
        D:4 |     167 |       0 |   0.0 |      15 |       0 |   0.0
        D:5 |     780 |     307 |  28.2 |      20 |       2 |   9.1
        D:6 |    2216 |     277 |  11.1 |      20 |       1 |   4.8
        D:7 |     570 |       0 |   0.0 |       9 |       0 |   0.0
        D:8 |    1508 |       0 |   0.0 |      16 |       0 |   0.0
        D:9 |    2675 |    2193 |  45.0 |      30 |       7 |  18.9
       D:10 |    2441 |    1880 |  43.5 |      18 |       7 |  28.0
       D:11 |    2040 |       0 |   0.0 |       5 |       0 |   0.0
     Lair:1 |     638 |       0 |   0.0 |       4 |       0 |   0.0
    Ossuary |       0 |     151 | 100.0 |       0 |      16 | 100.0
            +---------+---------+-------+---------+---------+-------
